[Event "*** SCC Grand Prix: Titled Tuesday Blitz"]
[Site "Chess.com"]
[Date "2020.06.23"]
[Round "5"]
[White "Rud_Makarian"]
[Black "Sviridov_Valery"]
[Result "0-1"]
[WhiteElo "2697"]
[BlackElo "2850"]
[TimeControl "180+1"]
[EndTime "10:54:44 PDT"]
[Termination "Sviridov_Valery won by checkmate"]

1. d4 g6 2. c4 Bg7 3. Nc3 d6 4. e4 e5 5. d5 f5 6. exf5 gxf5 7. Qh5+ Kf8 8. Bd3 Nf6 9. Qh3 e4 10. Bc2 Na6 11. Nge2 Nb4 12. Bb1 f4 13. Qh4 f3 14.
gxf3 exf3 15. Nf4 Qe7+ 16. Kd1 Nfxd5 17. Qg3 Nxc3+ 18. bxc3 Bxc3 19. Qxf3 Qf6 20. a3 Bxa1 21. axb4 Be5 22. Rg1 Bd7 23. Qxb7 Re8 24. Nd5 Qf3+ 25. Kc2 Bf5+ 26. Kd2 Bxb1 27. Rf1 Qd3+ 28. Ke1 Bc3# 0-1

[Event "*** SCC Grand Prix: Titled Tuesday Blitz"]
[Site "Chess.com"]
[Date "2020.06.23"]
[Round "5"]
[White "j2806"]
[Black "hectorfiori"]
[Result "0-1"]
[WhiteElo "2064"]
[BlackElo "2323"]
[TimeControl "180+1"]
[EndTime "10:54:44 PDT"]
[Termination "hectorfiori won by resignation"]

1. e4 c5 2. Nf3 e6 3. d4 cxd4 4. Nxd4 Nf6 5. Nc3 Bb4 6. Bd3 e5 7. Nf3 Nc6 8. Bd2 O-O 9. O-O d6 10.
a3 Ba5 11. Nd5 Bxd2 12. Qxd2 Nxd5 13. exd5 Ne7 14. c4 f5 15. Bc2 Ng6 16. b4 e4 17.
Nd4 Ne5 18. c5 Qf6 19. cxd6 Qxd6 20. Nb5 Qg6 21. Kh1 Bd7 22. Nc7 Rad8 23. d6 Bc6 24.
Bb3+ Kh8 25. Ne6 e3 26. Nf4 exd2 27. Nxg6+ Nxg6 28. Rfd1 Rxd6 29. Ra2 Rfd8 30. Kg1 Nf4 0-1

[Event "*** SCC Grand Prix: Titled Tuesday Blitz"]
[Site "Chess.com"]
[Date "2020.06.23"]
[Round "5"]
[White "metalbattler"]
[Black "inegrepus"]
[Result "1-0"]
[WhiteElo "2140"]
[BlackElo "2212"]
[TimeControl "180+1"]
[EndTime "10:54:45 PDT"]
[Termination "metalbattler won by resignation"]

1. d4 Nf6 2. Bf4 d5 3. e3 Bf5 4. c4 e6 5. Nc3 c6 6. Qb3 Qb6 7. c5 Qxb3 8. axb3 a6 9. b4 Nbd7 10.
b5 e5 11. Bg3 Ne4 12. bxc6 bxc6 13. Rxa6 Rxa6 14. Bxa6 exd4 15. exd4 Nxc3 16. bxc3 Nf6 17. Nf3 Be7 18. O-O O-O 19. Ne5 Ne4 20. Nxc6 Bf6 21.
Rc1 Ra8 22. Bb7 Ra3 23. Be5 Nxc3 24. Re1 h6 25. Bxf6 gxf6 26. Ne7+ 1-0

[Event "*** SCC Grand Prix: Titled Tuesday Blitz"]
[Site "Chess.com"]
[Date "2020.06.23"]
[Round "5"]
[White "Makswolf200817"]
[Black "francyIM"]
[Result "1-0"]
[WhiteElo "2419"]
[BlackElo "2575"]
[TimeControl "180+1"]
[EndTime "10:54:48 PDT"]
[Termination "Makswolf200817 won by resignation"]

1. Nf3 Nf6 2. c4 e6 3. e3 d5 4.
Nc3 c5 5. cxd5 exd5 6. d4 Nc6 7. Be2 a6 8. O-O h6 9. b3 Be6 10. Bb2 Rc8 11. Rc1 cxd4 12. Nxd4 Nxd4 13. Qxd4 Bc5 14. Qh4 O-O 15. Na4 Be7 16. Qd4 Qd6 17. a3 Rfd8 18. b4 Ne8 19. Nc5 Rc7 20. Qd2 a5 21. f4 Bf6 22. f5 Bc8 23. Bd4 Bxd4 24. exd4 axb4 25. axb4 Nf6 26. Bd3 b6 27. Nb3 Rxc1 28. Rxc1 Bd7 29. Ra1 Kh7 30. Nc1 Re8 31. Ne2 Ne4 32. Bxe4 dxe4 33.
Rf1 Bb5 34. f6 Bxe2 35. Qxe2 Qxd4+ 36. Kh1 g6 37. Qa2 Re6 38. Qxe6 1-0

[Event "*** SCC Grand Prix: Titled Tuesday Blitz"]
[Site "Chess.com"]
[Date "2020.06.23"]
[Round "5"]
[White "renehp"]
[Black "Lupul_Cenusiu"]
[Result "0-1"]
[WhiteElo "2398"]
[BlackElo "2563"]
[TimeControl "180+1"]
[EndTime "10:54:56 PDT"]
[Termination "Lupul_Cenusiu won by resignation"]

1. e4 c5 2. Nf3 e6 3. d4 cxd4 4.
Nxd4 a6 5. Bd3 d6 6. c4 Nf6 7. Nc3 Be7 8. O-O h5 9. h3 b6 10. f4 Bb7 11. f5 e5 12. Nc2 Nbd7 13. Bg5 b5 14. Bxf6 Nxf6 15. cxb5 axb5 16. Bxb5+ Kf8 17.
Bd3 d5 18. exd5 Nxd5 19. Nxd5 Qxd5 20. Qe2 e4 21. Bc4 Qe5 22. Ne3 Bd6 23. Rfd1 Qh2+ 24. Kf1 Bc5 25. b4 Qf4+ 26. Qf2 Bxe3 27. Qxf4 Bxf4 28. Rd7 Bc6 29. Rxf7+ Ke8 30. Rxg7 Be5 31. Rc7 Bxc7 0-1

[Event "*** SCC Grand Prix: Titled Tuesday Blitz"]
[Site "Chess.com"]
[Date "2020.06.23"]
[Round "5"]
[White "PavelChernomordik"]
[Black "JoachimMouhamad"]
[Result "1-0"]
[WhiteElo "2314"]
[BlackElo "2448"]
[TimeControl "180+1"]
[EndTime "10:55:01 PDT"]
[Termination "PavelChernomordik won by resignation"]

1. e4 e5 2. Nf3 Nc6 3. Bb5 a6 4.
Ba4 Nf6 5. Qe2 b5 6. Bb3 Be7 7.
a4 Rb8 8. axb5 axb5 9. Nc3 b4 10. Nd5 O-O 11. Nxe7+ Qxe7 12. d3 d6 13. h3 Kh8 14.
O-O Be6 15. Ba4 Nd8 16. Ng5 h6 17. Nxe6 Nxe6 18. c3 c5 19. Bc6 Nf4 20. Qf3 N6h5 21. g3 Nxh3+ 22. Kh2 Nxf2 23. Rxf2 Nf6 24. Bxh6 gxh6 25.
Qxf6+ Qxf6 26. Rxf6 bxc3 27. bxc3 Rb2+ 28. Kh3 Rd8 29.
Rxf7 1-0

[Event "*** SCC Grand Prix: Titled Tuesday Blitz"]
[Site "Chess.com"]
[Date "2020.06.23"]
[Round "5"]
[White "FMalexhdez"]
[Black "dolynachess"]
[Result "0-1"]
[WhiteElo "2117"]
[BlackElo "2444"]
[TimeControl "180+1"]
[EndTime "10:55:01 PDT"]
[Termination "dolynachess won by resignation"]

1. d4 Nf6 2. Nf3 c5 3. c4 cxd4 4. Nxd4 g6 5. Nc3 Bg7 6. g3 O-O 7.
Bg2 Nc6 8. Nc2 d6 9. O-O a6 10. Ne3 Rb8 11. Ncd5 Nxd5 12. Nxd5 b5 13. cxb5 axb5 14.
Bg5 Bd7 15. Qd2 Re8 16. Rac1 Ne5 17. Bh6 Nc4 18. Qg5 Nxb2 19. Bxg7 Kxg7 20. Nc7 Rf8 21. Nd5 Nc4 22. Nxe7 f6 0-1

[Event "*** SCC Grand Prix: Titled Tuesday Blitz"]
[Site "Chess.com"]
[Date "2020.06.23"]
[Round "5"]
[White "ljuks68"]
[Black "Efremov_Vlad"]
[Result "1-0"]
[WhiteElo "2378"]
[BlackElo "2198"]
[TimeControl "180+1"]
[EndTime "10:55:02 PDT"]
[Termination "ljuks68 won by resignation"]

1. e4 c5 2. Nf3 a6 3. c4 e6 4. d4 cxd4 5. Nxd4 b6 6. Nc3 Bb7 7. Bd3 d6 8. O-O Nf6 9. Qe2 Be7 10. Bd2 O-O 11. f4 d5 12. cxd5 exd5 13. e5 Ne4 14.
Be3 Nxc3 15. bxc3 Bc5 16. Qh5 h6 17. f5 Bxd4 18. cxd4 f6 19. e6 Qe8 20. Qg4 Kh7 21. Rf3 Nc6 22. Rg3 Rg8 23. Rh3 Rc8 24. Qf4 Qf8 25.
Rf1 Nb4 26. Bb1 Nc2 27. e7 Nxe3 28. exf8=Q 1-0

[Event "*** SCC Grand Prix: Titled Tuesday Blitz"]
[Site "Chess.com"]
[Date "2020.06.23"]
[Round "5"]
[White "Savva09022009"]
[Black "gilbert_gm"]
[Result "1-0"]
[WhiteElo "2460"]
[BlackElo "2644"]
[TimeControl "180+1"]
[EndTime "10:55:03 PDT"]
[Termination "Savva09022009 won by resignation"]

1. d4 g6 2. Nc3 d5 3. e4 dxe4 4. Nxe4 Nf6 5. Nxf6+ exf6 6. Nf3 Bg7 7. c3 O-O 8. Bd3 Re8+ 9. Be3 f5 10. O-O Nd7 11.
Bg5 Nf6 12. Qc2 h6 13. Bf4 b6 14. Rfe1 Bb7 15. Rxe8+ Qxe8 16. Bxc7 Bxf3 17. gxf3 Qc6 18. Be5 Qxf3 19. Qe2 Qh3 20. Qe3 Qxe3 21. fxe3 Ng4 22. Bxg7 Kxg7 23. Re1 Re8 24. e4 fxe4 25. Rxe4 Rxe4 26.
Bxe4 f5 27. Bf3 Ne3 28. Kf2 Nc4 29. b3 Nd6 30. c4 Kf6 31. c5 bxc5 32. dxc5 Nb5 33.
a4 Nc7 34. Ke3 Ke5 35. Kd3 g5 36. b4 g4 37. Bb7 Ne6 38. Kc4 f4 39. b5 f3 40. b6 axb6 41. cxb6 Nf4 42. Bxf3 gxf3 43. b7 f2 44. b8=Q+ Ke4 45. Qb1+ Ke3 46. Qf1 1-0

[Event "*** SCC Grand Prix: Titled Tuesday Blitz"]
[Site "Chess.com"]
[Date "2020.06.23"]
[Round "5"]
[White "lilleper1"]
[Black "Godzillator"]
[Result "1-0"]
[WhiteElo "2694"]
[BlackElo "2395"]
[TimeControl "180+1"]
[EndTime "10:55:04 PDT"]
[Termination "lilleper1 won by resignation"]

1. d4 d5 2. c4 c6 3. Nf3 Nf6 4. Nbd2 h6 5. g3 Bf5 6. Qb3 b6 7. Bg2 e6 8. O-O Nbd7 9. Ne5 Nxe5 10. dxe5 Nd7 11. cxd5 cxd5 12. e4 dxe4 13. Nxe4 Rc8 14. Rd1 Be7 15. Qa4 Qc7 16. Be3 Bc5 17. Bxc5 bxc5 18.
Nd6+ Ke7 19. Nxc8+ Rxc8 20. f4 Nb6 21. Qb5 Kf8 22.
Rd2 Kg8 23. Rc1 c4 24. Rd6 g5 25. fxg5 hxg5 26. Rc6 Qd8 27. Rxc8 Qxc8 28. Qc6 Qd8 29. Qd6 Qc8 30. Qe7 g4 31. Rd1 Qa6 32. Rd8+ Kh7 33.
Qh4+ Kg7 34. Qf6+ 1-0

[Event "*** SCC Grand Prix: Titled Tuesday Blitz"]
[Site "Chess.com"]
[Date "2020.06.23"]
[Round "5"]
[White "Hikaru"]
[Black "Reader777"]
[Result "1-0"]
[WhiteElo "3212"]
[BlackElo "2686"]
[TimeControl "180+1"]
[EndTime "10:55:07 PDT"]
[Termination "Hikaru won by resignation"]

1. Nf3 Nf6 2. b3 e6 3. Bb2 b6 4. e3 Bb7 5. c4 Be7 6. d4 O-O 7. Bd3 d5 8. cxd5 exd5 9. O-O a6 10. Nc3 Nbd7 11. Ne5 Bd6 12. f4 Ne4 13. Rc1 f6 14. Nxe4 fxe5 15. Nxd6 cxd6 16. dxe5 dxe5 17. fxe5 Nc5 18. Be2 Qg5 19. Bd4 Ne6 20. Qd2 Rac8 21. Rxc8 Rxc8 22. Bf3 h5 23. Bxb6 Qxe5 24. Rd1 Ng5 25.
Bxd5+ Bxd5 26. Qxd5+ Qxd5 27. Rxd5 Rc1+ 28. Kf2 Ne4+ 29.
Kf3 Nf6 30. Ra5 Rf1+ 31. Ke2 Rg1 32. Kf2 Rc1 33. Rxa6 Rc2+ 34. Kf3 Ng4 35. h3 Ne5+ 36.
Ke4 Nc6 37. g4 hxg4 38. hxg4 Nb4 39. Ra8+ Kh7 40. a3 Na2 41. Bd4 Nc1 42. Rb8 Ra2 43.
a4 Ne2 44. Be5 1-0

[Event "*** SCC Grand Prix: Titled Tuesday Blitz"]
[Site "Chess.com"]
[Date "2020.06.23"]
[Round "5"]
[White "vladislavkovalev"]
[Black "Munkhzul_Turmunkh"]
[Result "1-0"]
[WhiteElo "2905"]
[BlackElo "2624"]
[TimeControl "180+1"]
[EndTime "10:55:07 PDT"]
[Termination "vladislavkovalev won by resignation"]

1. e4 c5 2. Be2 Nc6 3. d3 Nf6 4. f4 d6 5. Nf3 g6 6. O-O Bg7 7. c3 O-O 8. Kh1 Qc7 9. Be3 b5 10. a3 Bb7 11. Nbd2 Rad8 12. d4 c4 13. d5 Nb8 14.
Bxa7 Nbd7 15. Bg1 Nc5 16. Qc2 e6 17. dxe6 Ncxe4 18. exf7+ Rxf7 19. Nxe4 Nxe4 20. Nd4 Qd7 21. Rf3 Rdf8 22. a4 Nc5 23. axb5 Bxf3 24. Bxf3 Rxf4 25. b6 Nb3 26. Nxb3 cxb3 27. Qxb3+ Kh8 28. Qd5 R4f5 29. Qc6 Qf7 30. b7 d5 31. Bg4 Rf1 32. Rxf1 Qxf1 33.
Qxd5 Bh6 34. b8=Q Be3 35. Qxf8+ Qxf8 36. Qe5+ 1-0

[Event "*** SCC Grand Prix: Titled Tuesday Blitz"]
[Site "Chess.com"]
[Date "2020.06.23"]
[Round "5"]
[White "Isajevsky_Anton"]
[Black "emperor87"]
[Result "1-0"]
[WhiteElo "2523"]
[BlackElo "2695"]
[TimeControl "180+1"]
[EndTime "10:55:08 PDT"]
[Termination "Isajevsky_Anton won by resignation"]

1. c4 e6 2. Nf3 Nf6 3. Nc3 g6 4. d4 Bg7 5. Bg5 h6 6. Bh4 g5 7. Bg3 d6 8. h3 Nc6 9. e3 Qe7 10. Be2 O-O 11. d5 exd5 12. cxd5 Ne5 13. Nxe5 dxe5 14.
e4 Ne8 15. Bg4 f5 16. Bxf5 Bxf5 17. exf5 Nd6 18. Qb3 Rxf5 19. O-O-O a5 20. Rhe1 Qf7 21. Ne4 h5 22. f3 a4 23. Qb4 Bf8 24. Nxd6 cxd6 25. Kb1 h4 26. Bh2 a3 27. b3 e4 28. Qxe4 Bg7 29. Qe6 Ra5 30. Bxd6 Bb2 31. Qc8+ 1-0

[Event "*** SCC Grand Prix: Titled Tuesday Blitz"]
[Site "Chess.com"]
[Date "2020.06.23"]
[Round "5"]
[White "luizwas"]
[Black "Mr_Sinigami"]
[Result "0-1"]
[WhiteElo "1808"]
[BlackElo "2591"]
[TimeControl "180+1"]
[EndTime "10:55:10 PDT"]
[Termination "Mr_Sinigami won by checkmate"]

1. e4 c5 2. Nf3 e6 3. d4 cxd4 4. Nxd4 Nc6 5. Nc3 Qc7 6. a3 Nf6 7. Be3 a6 8. f3 b5 9. Qd2 Bb7 10. Be2 b4 11. axb4 Bxb4 12. Nxc6 dxc6 13. O-O O-O 14.
Bg5 Nd7 15. Qf4 Ne5 16. Na2 Bd6 17. Qh4 Ng6 18. Qh3 Bf4 19. Bh4 Qb6+ 20. Bf2 Qxb2 21.
Rfb1 Qf6 22. Rxb7 Qxa1+ 23. Bf1 Qxa2 24. g3 Bd6 25. f4 Qxc2 26. f5 exf5 27. exf5 Ne5 28.
f6 Nf3+ 29. Kg2 Bc5 30. Kxf3 Qxf2+ 31. Kg4 Qxf6 32. Rb3 Qe6+ 33. Kh4 Be7+ 34. Kh5 Qg6# 0-1

[Event "*** SCC Grand Prix: Titled Tuesday Blitz"]
[Site "Chess.com"]
[Date "2020.06.23"]
[Round "5"]
[White "rynos0411"]
[Black "IwkooO"]
[Result "0-1"]
[WhiteElo "2371"]
[BlackElo "2520"]
[TimeControl "180+1"]
[EndTime "10:55:13 PDT"]
[Termination "IwkooO won by resignation"]

1. e4 c5 2. Nf3 e6 3. d4 cxd4 4. Nxd4 Nc6 5. Nc3 a6 6. g3 d6 7. Bg2 Bd7 8. O-O Nf6 9. Be3 Be7 10. f4 O-O 11. Nb3 Qc7 12. g4 b5 13. g5 Ne8 14.
Qd2 Rb8 15. Rac1 b4 16. Ne2 Na5 17. f5 Nc4 18. Qd3 Nxb2 19. Qd4 Nc4 20. f6 Bd8 21. Bf2 gxf6 22. gxf6 Bxf6 23. Qd3 Bg7 24. Ng3 Nf6 25. Bd4 e5 26. Ba1 Rfc8 27. Qe2 Qb6+ 28. Kh1 Qe3 29. Qd1 Bg4 30. Qf3 Bxf3 0-1

[Event "*** SCC Grand Prix: Titled Tuesday Blitz"]
[Site "Chess.com"]
[Date "2020.06.23"]
[Round "5"]
[White "Chepaschess"]
[Black "GeorgMeier"]
[Result "1-0"]
[WhiteElo "2843"]
[BlackElo "2904"]
[TimeControl "180+1"]
[EndTime "10:55:16 PDT"]
[Termination "Chepaschess won on time"]

1. e4 e6 2. d4 d5 3. Nc3 dxe4 4. Nxe4 Nd7 5. Nf3 Ngf6 6. Nxf6+ Nxf6 7. c3 Be7 8. Bd3 O-O 9. Qe2 b6 10. Bf4 Bb7 11.
Rd1 Qc8 12. O-O c5 13. Rfe1 a6 14. Bb1 b5 15. Ne5 cxd4 16. cxd4 Qd8 17. Qd3 Qd5 18. Qh3 Rfd8 19. Re3 g6 20. Bg5 Rac8 21. Bxf6 Bxf6 22. Nxf7 Kxf7 23. Qxh7+ Kf8 24. Rf3 Qg5 25. Bxg6 1-0

[Event "*** SCC Grand Prix: Titled Tuesday Blitz"]
[Site "Chess.com"]
[Date "2020.06.23"]
[Round "5"]
[White "alexrustemov"]
[Black "Djager97"]
[Result "1-0"]
[WhiteElo "2734"]
[BlackElo "2459"]
[TimeControl "180+1"]
[EndTime "10:55:16 PDT"]
[Termination "alexrustemov won by resignation"]

1. d4 Nf6 2. c4 c5 3. Nf3 e6 4. d5 exd5 5. cxd5 d6 6. Nc3 g6 7.
e4 Bg7 8. h3 O-O 9. Bd3 a6 10. a4 Nbd7 11. O-O Nh5 12. Bg5 Bf6 13.
Be3 Ne5 14. Be2 Nxf3+ 15. Bxf3 Ng7 16. Qd2 Be7 17. Rab1 f5 18. b4 b6 19. bxc5 bxc5 20.
e5 Kh8 21. Rfe1 Ra7 22. e6 g5 23. Qd3 Bf6 24. Bd2 h5 25. g4 hxg4 26. hxg4 Be5 27. Kg2 fxg4 28. Rh1+ 1-0

[Event "*** SCC Grand Prix: Titled Tuesday Blitz"]
[Site "Chess.com"]
[Date "2020.06.23"]
[Round "5"]
[White "JakubPulpan"]
[Black "kuba2006"]
[Result "1-0"]
[WhiteElo "2688"]
[BlackElo "2362"]
[TimeControl "180+1"]
[EndTime "10:55:17 PDT"]
[Termination "JakubPulpan won on time"]

1. Nf3 Nf6 2. b3 g6 3. Bb2 Bg7 4. g3 O-O 5. Bg2 d6 6. d4 Nbd7 7. O-O a5 8. a3 a4 9. b4 Nb6 10. Nbd2 d5 11. Ne5 Ng4 12. Nxg4 Bxg4 13. Rc1 Be6 14.
e3 c6 15. Qe2 f5 16. Rfe1 Bf7 17. Bf1 Nc4 18. Nxc4 dxc4 19. e4 fxe4 20. Qxe4 Bf6 21.
Rcd1 Bd5 22. Qe2 b5 23. Bc1 Qb6 24. c3 Rae8 25. f4 e5 26. fxe5 Bxe5 27. Qc2 Bf6 28. Bg2 Qc7 29. Rxe8 Rxe8 30. Rf1 Qg7 31. Qf2 Rf8 32.
Qe2 Rf7 33. Bxd5 cxd5 34. Qe6 Kh8 35. Bh6 Bxd4+ 36. Kg2 1-0

[Event "*** SCC Grand Prix: Titled Tuesday Blitz"]
[Site "Chess.com"]
[Date "2020.06.23"]
[Round "5"]
[White "seorobert1971"]
[Black "stolencandy13"]
[Result "1-0"]
[WhiteElo "2701"]
[BlackElo "2427"]
[TimeControl "180+1"]
[EndTime "10:55:18 PDT"]
[Termination "seorobert1971 won by resignation"]

1. c4 f5 2. Nc3 Nf6 3. d4 e6 4. g3 Be7 5. Bg2 O-O 6. Nh3 d6 7. O-O c6 8. Ng5 h6 9. Nf3 Nbd7 10. b3 e5 11. dxe5 dxe5 12. Qc2 e4 13. Nd4 Ne5 14. Rd1 Qe8 15. Bf4 Neg4 16. f3 exf3 17. exf3 Qh5 18. fxg4 Nxg4 19. h3 Nf6 20. a3 g5 21. Be5 f4 22. g4 Bxg4 23. hxg4 Nxg4 24. Bf3 Rf6 25. Qg2 1-0

[Event "*** SCC Grand Prix: Titled Tuesday Blitz"]
[Site "Chess.com"]
[Date "2020.06.23"]
[Round "5"]
[White "colegiodemadrid"]
[Black "Elegance_Riks"]
[Result "1/2-1/2"]
[WhiteElo "2384"]
[BlackElo "2591"]
[TimeControl "180+1"]
[EndTime "10:55:18 PDT"]
[Termination "Game drawn by agreement"]

1. e4 c5 2. Nf3 Nc6 3. d4 cxd4 4. Nxd4 e5 5. Nb5 d6 6. c4 g6 7. Bd3 Be6 8. h4 a6 9. N5c3 Nf6 10. Nd5 Bxd5 11. cxd5 Nd4 12. Nc3 Bg7 13. Ne2 O-O 14.
Bg5 h6 15. Bxf6 Qxf6 16. h5 Rac8 17. Nxd4 exd4 18. Rc1 Qg5 19. Rxc8 Rxc8 20. O-O Qxh5 21. Qxh5 gxh5 22. f4 h4 23. Kf2 Bf6 24. Kf3 Kf8 25.
Kg4 Rc5 26. Kf5 Ke7 27. Rf2 a5 28. Rc2 Rxc2 29. Bxc2 d3 30. Bxd3 Bxb2 31. a4 f6 32. Be2 Bc1 33. Bb5 Kd8 34. e5 fxe5 35.
fxe5 dxe5 36. Kxe5 Be3 37. d6 Bf2 38. Ke6 Bg3 39. d7 Be1 40. Kf7 Bd2 41. Kg6 Bg5 42. Kf7 Kc7 43. Ke8 b6 44. Kf7 Kd8 45. Ke6 Kc7 46.
Kd5 Bd8 47. Bc6 Bg5 48. Bb5 Bd8 49. Bc6 1/2-1/2

[Event "*** SCC Grand Prix: Titled Tuesday Blitz"]
[Site "Chess.com"]
[Date "2020.06.23"]
[Round "5"]
[White "Kaua18"]
[Black "Iskusnyh"]
[Result "0-1"]
[WhiteElo "2225"]
[BlackElo "2448"]
[TimeControl "180+1"]
[EndTime "10:55:20 PDT"]
[Termination "Iskusnyh won by resignation"]

1. e4 e6 2. d4 d5 3. Nd2 c5 4. exd5 Qxd5 5. dxc5 Nf6 6. Ngf3 Qxc5 7. Bd3 Nbd7 8. O-O Qc7 9. a4 b6 10. Re1 Bb7 11. c3 Be7 12. Nb3 O-O 13. a5 Rad8 14.
Qe2 Bxf3 15. Qxf3 Ne5 16. Qg3 Rxd3 17. Be3 Bd6 18. axb6 axb6 19. Nc1 Neg4 20. Nxd3 Bxg3 21. hxg3 Nxe3 22. Rxe3 Ng4 23. Re4 h5 24. Nf4 Qc5 25.
Rf1 Rd8 26. Nxh5 Qxh5 0-1

[Event "*** SCC Grand Prix: Titled Tuesday Blitz"]
[Site "Chess.com"]
[Date "2020.06.23"]
[Round "5"]
[White "aNaartjieZA"]
[Black "amintabatabaei"]
[Result "0-1"]
[WhiteElo "2573"]
[BlackElo "2814"]
[TimeControl "180+1"]
[EndTime "10:55:23 PDT"]
[Termination "amintabatabaei won by resignation"]

1. e4 c5 2. Nf3 Nc6 3. g3 g6 4.
Bg2 Bg7 5. O-O e5 6. a3 Nge7 7. d3 O-O 8. c3 d6 9. b4 a6 10.
Nbd2 h6 11. Bb2 Be6 12. Re1 b5 13. d4 exd4 14. cxd4 cxb4 15. axb4 Nxb4 16. Ba3 a5 17. Rb1 Ba2 18. Rb2 Nec6 19. e5 Bd5 20. Bxb4 Nxb4 21.
exd6 Qxd6 22. Ne4 Qb6 23. Nc5 Rfe8 24. Rxe8+ Rxe8 25. Nd7 Qc6 26. Nde5 Qc3 27. Rd2 a4 28. Nd3 Bb3 29. Qf1 Bc4 0-1

[Event "*** SCC Grand Prix: Titled Tuesday Blitz"]
[Site "Chess.com"]
[Date "2020.06.23"]
[Round "5"]
[White "sotochess"]
[Black "PredragNikac"]
[Result "1-0"]
[WhiteElo "2476"]
[BlackElo "2210"]
[TimeControl "180+1"]
[EndTime "10:55:24 PDT"]
[Termination "sotochess won by resignation"]

1. e4 d5 2. exd5 Nf6 3. c4 e6 4. dxe6 Bxe6 5. Be2 Nc6 6. Nf3 Qe7 7. O-O O-O-O 8.
Re1 Rg8 9. d4 g5 10. d5 g4 11.
Nfd2 Ne5 12. dxe6 Ne4 13. Qc2 Nxf2 14. Qf5 fxe6 15. Qxf2 Qb4 16. a3 Qa4 17. Nc3 Qc2 18. Bf1 g3 19. hxg3 Ng4 20. Qxa7 Rxd2 21. Bxd2 Qxd2 22.
Rad1 1-0

[Event "*** SCC Grand Prix: Titled Tuesday Blitz"]
[Site "Chess.com"]
[Date "2020.06.23"]
[Round "5"]
[White "RestartingChess"]
[Black "j_coca"]
[Result "1-0"]
[WhiteElo "2448"]
[BlackElo "2199"]
[TimeControl "180+1"]
[EndTime "10:55:24 PDT"]
[Termination "RestartingChess won by resignation"]

1. e4 g6 2. d4 Bg7 3. Nf3 d6 4.
c3 Nc6 5. Be3 Bg4 6. h3 Bxf3 7.
Qxf3 e5 8. Bb5 a6 9. Ba4 exd4 10. cxd4 b5 11. Bb3 Qf6 12. Bd5 Nge7 13. Nc3 Qxf3 14.
gxf3 O-O 15. O-O-O Rab8 16. Bxc6 Nxc6 17. Nd5 Rb7 18.
Kb1 Re8 19. Rd3 Ne7 20. Nxe7+ Rxe7 21. Rc1 f5 22. exf5 gxf5 23. Rc6 Kf7 24. Rxa6 Ke6 25. d5+ Kd7 26. Ra8 f4 27. Bxf4 Re1+ 28. Kc2 Re2+ 29.
Rd2 Re1 30. Bg5 c5 31. dxc6+ Kxc6 32. Ra6+ Rb6 33. Rxb6+ Kxb6 34. Rxd6+ Kc5 35. Rd7 Bd4 36. Be7+ 1-0

[Event "*** SCC Grand Prix: Titled Tuesday Blitz"]
[Site "Chess.com"]
[Date "2020.06.23"]
[Round "5"]
[White "GoltsevDmitry2000"]
[Black "GuerrieroFromLevant"]
[Result "1-0"]
[WhiteElo "2620"]
[BlackElo "2422"]
[TimeControl "180+1"]
[EndTime "10:55:27 PDT"]
[Termination "GoltsevDmitry2000 won by resignation"]

1. e4 e6 2. d4 d5 3. exd5 exd5 4.
Bd3 Nf6 5. Nf3 c5 6. dxc5 Bxc5 7.
O-O O-O 8. Bg5 Nc6 9. Nc3 d4 10.
Ne4 Be7 11. Qe2 Bg4 12. h3 Bh5 13. Rad1 Re8 14. Rfe1 Nxe4 15. Qxe4 Bg6 16. Bxe7 Rxe7 17. Qf4 Rxe1+ 18. Rxe1 Bxd3 19. cxd3 Qd5 20. Qe4 Qxe4 21. Rxe4 Rd8 22. a3 f5 23. Re6 h6 24. Kf1 Kf7 25.
Re2 g5 26. Ne5+ Nxe5 27. Rxe5 Kf6 28. Rb5 b6 29. Rb4 Ke5 30. Rc4 Rd5 31. b4 a5 32.
a4 b5 33. axb5 a4 34. b6 Rd6 35. Rc5+ Kf4 36. g3+ 1-0

[Event "*** SCC Grand Prix: Titled Tuesday Blitz"]
[Site "Chess.com"]
[Date "2020.06.23"]
[Round "5"]
[White "HanSchut"]
[Black "WiktoriaPOL"]
[Result "1-0"]
[WhiteElo "2204"]
[BlackElo "1939"]
[TimeControl "180+1"]
[EndTime "10:55:28 PDT"]
[Termination "HanSchut won by resignation"]

1. e4 c5 2. Nf3 d6 3. d4 cxd4 4. Nxd4 Nf6 5. f3 a6 6. c4 g6 7.
Nc3 Bg7 8. Be3 Nc6 9. Qd2 O-O 10.
Rc1 Bd7 11. Be2 Rc8 12. O-O Na5 13. b3 Qc7 14. b4 Nxc4 15. Bxc4 Qxc4 16. Nd5 Qxc1 17.
Nxe7+ Kh8 18. Rxc1 Rxc1+ 19. Qxc1 Re8 20. Nd5 Nxd5 21.
exd5 Rc8 22. Qd2 Rc4 23. a3 f5 24. Ne6 Bxe6 25. dxe6 Be5 26. e7 Rc8 27. Bd4 Kg7 28.
Bxe5+ dxe5 29. Qd7 Rc1+ 30. Kf2 Rc2+ 31. Ke1 Rc1+ 32.
Kd2 Ra1 33. e8=Q+ Kh6 34. Qxe5 1-0

[Event "*** SCC Grand Prix: Titled Tuesday Blitz"]
[Site "Chess.com"]
[Date "2020.06.23"]
[Round "5"]
[White "KaterynaLagno"]
[Black "albano87"]
[Result "0-1"]
[WhiteElo "2673"]
[BlackElo "2381"]
[TimeControl "180+1"]
[EndTime "10:55:30 PDT"]
[Termination "albano87 won by resignation"]

1. e4 c5 2. Nf3 Nc6 3. d4 cxd4 4. Nxd4 Nf6 5. Nc3 d6 6. Bg5 Bd7 7. Be2 a6 8. Bxf6 gxf6 9. O-O Rg8 10. Nf5 Rc8 11. Bh5 Ne5 12. f4 Nc4 13. Qf3 Nd2 14. Qe3 Nxf1 15. Rxf1 e6 16. Re1 Qc7 17. Nd4 Qc5 18. e5 dxe5 19. Ne4 Qxd4 20. Nxf6+ Kd8 21.
Qxd4 exd4 22. Nxg8 Rxc2 23. Bxf7 d3 24. Rd1 Bc5+ 25. Kh1 Bc6 26. Rxd3+ Kc7 27. h4 Bxg2+ 28. Kh2 Be4+ 0-1

[Event "*** SCC Grand Prix: Titled Tuesday Blitz"]
[Site "Chess.com"]
[Date "2020.06.23"]
[Round "5"]
[White "XxPetroffsxX"]
[Black "UKR_Master"]
[Result "0-1"]
[WhiteElo "1914"]
[BlackElo "2304"]
[TimeControl "180+1"]
[EndTime "10:55:30 PDT"]
[Termination "UKR_Master won on time"]

1. e4 c5 2. Nf3 d6 3. d4 cxd4 4. Qxd4 a6 5. c4 Nc6 6. Qe3 g6 7. Nc3 Bg7 8. a3 Nf6 9. Be2 Nd7 10. O-O O-O 11. Rd1 Nc5 12. Nd5 e6 13. Nb4 Qc7 14.
Rb1 a5 15. Nd3 Nb3 16. Nf4 a4 17. Bf1 Ra5 18. Ne2 Ne5 19. Nxe5 Bxe5 20. Nc3 Nxc1 21.
Rbxc1 b6 22. f4 Bxc3 23. Rxc3 Bb7 24. Be2 Rc5 25. Bf3 Rd8 26. Rdc1 Ba6 27. Be2 Rc8 28. Qd4 e5 29. fxe5 dxe5 30. Qf2 Bxc4 31. Bxc4 Rxc4 32. Rxc4 Qxc4 33. Rxc4 Rxc4 34. Qxb6 Rxe4 35. Kf2 f5 36. Qe6+ Kg7 37. Qe7+ Kh6 38. Qh4+ Rxh4 0-1

[Event "*** SCC Grand Prix: Titled Tuesday Blitz"]
[Site "Chess.com"]
[Date "2020.06.23"]
[Round "5"]
[White "Smile2005"]
[Black "econpower"]
[Result "0-1"]
[WhiteElo "2537"]
[BlackElo "2738"]
[TimeControl "180+1"]
[EndTime "10:55:34 PDT"]
[Termination "econpower won by resignation"]

1. d4 d6 2. e4 Nf6 3. Nc3 e5 4. dxe5 dxe5 5. Qxd8+ Kxd8 6. Bc4 Be6 7. Bxe6 fxe6 8.
Nf3 Bd6 9. Be3 Nc6 10. O-O-O a6 11. h3 Ke7 12. Rd3 b5 13. a3 Na5 14. Rhd1 Nc4 15. Nd2 Nxe3 16. Rxe3 Bc5 17. Re2 Rhf8 18. f3 Rad8 19.
Nf1 Nh5 20. Rxd8 Rxd8 21. Rd2 Rxd2 22. Kxd2 Nf4 23. Ne3 Bxe3+ 24. Kxe3 Nxg2+ 25. Kf2 Nf4 26. Ne2 Nxh3+ 27. Kg3 Ng5 28. Kg4 Kf6 29. Nc1 g6 30. Nd3 h5+ 31. Kg3 a5 32. b4 a4 33. Nc5 Ke7 34.
Nd3 Kd6 35. Kg2 Nf7 36. Kg3 g5 37. Nb2 c5 38. c4 cxb4 39. axb4 a3 0-1